 Dungeon Crawl Stone Soup version 0.30-a0-639-g3916f1956a (webtiles) character file.

Game seed: 1720974593275230446

1832 BeKind the Chiller (level 8, -3/57 HPs)
             Began as a Demigod Ice Elementalist on Jan 15, 2023.
             Slain by a human
             ... wielding a +0 war axe
              (7 damage)
             ... in a bailey.
             The game lasted 00:12:11 (7914 turns).

BeKind the Chiller (Demigod Ice Elementalist)       Turns: 7914, Time: 00:12:12

Health: -3/57      AC:  9    Str:  9    XL:     8   Next: 56%
Magic:  4/19       EV: 14    Int: 31    God:
Gold:   338        SH:  5    Dex: 14    Spells: 9/17 levels left

rFire   . . .      SeeInvis .    n - +2 short sword (speed)
rCold   . . .      Faith    .    (no shield)
rNeg    . . .      Spirit   .    a - +0 robe
rPois   .          Reflect  +    (no helmet)
rElec   .          Harm     .    (no cloak)
rCorr   .          Rampage  .    (no gloves)
Will    .....                    r - +2 pair of boots
Stlth   ++                       j - amulet of reflection
HPRegen 0.29/turn                p - +6 ring of intelligence
MPRegen 0.16/turn                h - +4 ring of protection

@: no status effects
A: high MP 1, forlorn, divine attributes
a: no special abilities


You were in a bailey.
You visited 1 branch of the dungeon, and saw 7 of its levels.
You also visited: Sewer and Bailey.

You collected 338 gold pieces.

Inventory:

Hand Weapons
 d - a +0 short sword
 n - a +2 short sword of speed (weapon)
Armour
 a - a +0 robe (worn)
 r - a +2 pair of boots (worn)
Jewellery
 c - a ring of protection from cold
 h - a +4 ring of protection (right hand)
 j - an amulet of reflection (around neck)
 p - a +6 ring of intelligence (left hand)
 q - a ring of see invisible
Wands
 z - a wand of polymorph (8)
 E - a wand of paralysis (9)
 F - a wand of iceblast (7)
Scrolls
 f - a scroll of vulnerability
 g - 3 scrolls of teleportation
 k - 2 scrolls of brand weapon
 l - 3 scrolls of summoning
 s - 2 scrolls of immolation
 t - 2 scrolls of fear {unknown}
 u - a scroll of magic mapping
 w - a scroll of torment
 x - 2 scrolls of amnesia {unknown}
 y - a scroll of fog {unknown}
 A - a scroll of enchant armour
 B - a scroll of enchant weapon {unknown}
Potions
 b - a potion of magic
 e - 2 potions of degeneration {unknown}
 i - 2 potions of resistance
 m - 4 potions of heal wounds {unknown}
 o - 2 potions of attraction {unknown}
 v - a potion of mutation {unknown}
 C - a potion of flight {unknown}


   Skills:
 + Level 5.6 Dodging
 - Level 3.0 Stealth
 + Level 5.2 Spellcasting
 + Level 3.7 Summonings
 + Level 6.6 Ice Magic


You had 9 spell levels left.
You knew the following spells:

 Your Spells              Type           Power      Damage    Failure   Level
a - Freeze                Ice            100%       1d10      1%          1
b - Frozen Ramparts       Ice            98%        1d15      1%          3
c - Summon Ice Beast      Ice/Summ       40%        N/A       6%          4

Your spell library contained the following spells:

 Spells                   Type           Power      Damage    Failure   Level
 Ensorcelled Hibernation  Hex/Ice        56%        N/A       1%          2
 Ozocubu's Armour         Ice            49%        N/A       1%          3
 Passwall                 Tmut/Erth      6%         N/A       9%          2
 Inner Flame              Hex/Fire       8%         N/A       16%         3
 Swiftness                Air            8%         N/A       16%         3
 Cause Fear               Hex            4%         N/A       47%         4
 Leda's Liquefaction      Hex/Erth       4%         N/A       47%         4
 Lee's Rapid Deconstruct  Erth           4%         3d5*      83%         5
 Statue Form              Tmut/Erth      5%         N/A       100%        6
 Discord                  Hex            4%         N/A       100%        8


Dungeon Overview and Level Annotations

Branches:
Dungeon (7/15)             Temple (0/1) D:6           Sewer (visited)
 Bailey (1/1)

Annotations:
D:7 2 transporters Bailey Prince Ribbit


Innate Abilities, Weirdness & Mutations

You have an increased reservoir of magic. (+10% MP)
You shall have no god before yourself.
Your divine heritage dramatically boosts your attributes as you level up.


Message History

Your orc hits the human but does no damage.
The human shouts!
Your orc warrior misses the orc warrior.
Your orc wizard mumbles some strange words.
Your orc wizard flickers and vanishes for a moment.
You are too injured to fight recklessly!
The orc warrior hits you with a +0 hand axe.
* * * LOW HITPOINT WARNING * * *
The orc warrior hits your orc warrior but does no damage.
The orc warrior barely misses your orc.
The orc warrior hits your orc with a +0 hand axe!
Your orc dies!
Your orc's corpse dissolves into shadows!
The human barely misses you.
The human hits your orc warrior but does no damage.
The human barely misses your orc.
The human hits your orc with a +0 war axe!
Your orc dies!
Your orc's corpse dissolves into shadows!
Your orc wizard points at the human and mumbles some strange words.
The puff of flame hits the human!
Your orc warrior hits the human with a +0 long sword!
Your gnoll barely misses the orc warrior.
You hit the human.
The human is severely wounded.
The orc warrior closely misses you.
The orc warrior closely misses your orc warrior.
You hit the human.
The human is severely wounded.
The human barely misses you.
The human hits your orc warrior with a +2 heavy hand axe.
Your orc warrior hits the human with a +0 long sword.
Your gnoll hits the orc warrior from afar with a +2 halberd of flaming.
Your gnoll burns the orc warrior.
The orc warrior hits you with a +0 hand axe!
* * * LOW HITPOINT WARNING * * *
The orc warrior hits your orc warrior with a +0 hand axe.
The orc warrior barely misses your orc wizard.
The human hits you with a +0 war axe!
You die...

##########
##~~~##@p.##
#~~~~~#op..##
#####~~~~~+oo...##
##...##~~~~#g)....#
#..∩..'~~~##....#####
#....)######..###≈≈≈≈
#..∩..'....#+## ≈~~~~
##...##......# ~~~~~
#####.......# ≈~~~~~


You could see 2 humans, an orc warrior (ally target), a friendly orc warrior
(summoned), a friendly orc wizard (summoned, invisible) and a friendly gnoll
(summoned).

Vanquished Creatures
  A human (Bailey)
  A black bear (D:6)
  An orc warrior (D:6)
  A sky beast (D:6)
  A phantom (D:4)
  6 bullfrogs
  A gnoll bouda (D:7)
  2 hounds
  4 orc priests
  Terence (D:2)
  An orc wizard (D:5)
  13 adders
  16 gnolls
  7 river rats (Sewer)
  2 shadow imps (D:5)
  2 white imps (D:5)
  An ufetubus (D:5)
  3 dart slugs
  8 orcs
  7 endoplasms
  3 giant cockroaches
  7 hobgoblins
  2 jackals (D:2)
  7 kobolds
  6 quokkas
  14 ball pythons
  7 bats
  6 frilled lizards
  13 goblins
  23 rats
167 creatures vanquished.

Vanquished Creatures (collateral kills)
  3 bullfrogs (Bailey)
  A hobgoblin (Bailey)
  A goblin (Bailey)
5 creatures vanquished.

Grand Total: 172 creatures vanquished

Notes
Turn   | Place    | Note
-------+----------+-------------------------------------------
     0 | D:1      | BeKind the Demigod Ice Elementalist began the quest for the
                  | Orb.
     0 | D:1      | Reached XP level 1. HP: 14/14 MP: 5/5
   360 | D:1      | Reached XP level 2. HP: 20/20 MP: 5/7
  1111 | D:2      | Reached XP level 3. HP: 22/26 MP: 3/8
  1126 | D:2      | Reached skill level 4 in Ice Magic
  1310 | D:1      | Learned a level 3 spell: Frozen Ramparts
  1332 | D:2      | Noticed Terence
  1338 | D:2      | Killed Terence
  1415 | D:2      | Reached XP level 4. HP: 31/33 MP: 6/10
  2204 | D:3      | Reached XP level 5. HP: 38/38 MP: 7/12
  2348 | D:3      | Found a glowing drain.
  2382 | Sewer    | Entered a sewer
  2566 | Sewer    | Reached XP level 6. HP: 44/45 MP: 6/13
  2844 | Sewer    | Reached skill level 5 in Ice Magic
  3361 | D:3      | Learned a level 4 spell: Summon Ice Beast
  3845 | D:4      | Reached XP level 7. HP: 29/50 MP: 16/16
  4594 | D:5      | Entered Level 5 of the Dungeon
  4623 | D:5      | Reached skill level 1 in Summonings
  6957 | D:6      | Paralysed by an orc for 4 turns
  7151 | D:6      | Found a staircase to the Ecumenical Temple.
  7656 | D:7      | Found a transporter.
  7656 | D:7      | Found a transporter.
  7675 | D:7      | Reached skill level 6 in Ice Magic
  7677 | D:7      | Reached skill level 5 in Dodging
  7677 | D:7      | Reached XP level 8. HP: 57/57 MP: 15/18
  7729 | D:7      | Found a flagged portal.
  7743 | Bailey   | Entered a bailey
  7888 | Bailey   | Noticed Prince Ribbit
  7893 | Bailey   | Reached skill level 5 in Spellcasting
  7914 | Bailey   | Slain by a human

Illustrated notes

Levels and vault maps discovered:
D:1:      co_arrival_square_in_a_square_in_a_square, layout_basic, hex_medium,
          minmay_vboxes
D:2:      layout_loops_ring, uniq_terence
D:3:      layout_basic, nemelex_altar_shiori,
          shapermc_ecumenical_altar_totnotflames, portal_sewer_entry_d
D:4:      layout_cave_pods, nicolae_ashenzari_panopticon
D:5:      layout_layer_cave
D:6:      layout_loops_cross, nicolae_ru_sacrificial_ziggurat,
          minmay_temple_entry_offerings
D:7:      layout_loops_ring, mainiacjoe_overflow_boulevard, nzn_ghost_randoct,
          enter_bailey_5
Bailey:   bailey_axe_froggy_fort_hellmonk, bailey

Skill      XL: |  1  2  3  4  5  6  7  8 |
---------------+-------------------------+-----
Dodging        | 2 3 4 5 |  5.6
Stealth        | 2 3 |  3.0
Spellcasting   | 2 3 4 5 |  5.2
Ice Magic      | 4 5 6 |  6.6
Summonings     | 2 3 |  3.7

Action                   |  1- 3 |  4- 6 |  7- 9 || total
-------------------------+-------+-------+-------++-------
Melee: Unarmed           |     6 |       |       ||     6
       Short sword       |    16 |   103 |   191 ||   310
       Punch             |       |     1 |     2 ||     3
 Cast: Freeze            |    47 |    59 |    36 ||   142
       Frozen Ramparts   |     1 |     8 |     8 ||    17
       Summon Ice Beast  |       |       |     3 ||     3
  Use: Potion            |       |     2 |       ||     2
       Scroll            |       |       |    10 ||    10
 Stab: Sleeping          |       |     2 |     3 ||     5
Armor: Robe              |    20 |    54 |    82 ||   156
Dodge: Dodged            |    43 |    99 |   126 ||   268
Block: Other             |       |       |    10 ||    10
       Reflection        |       |       |     1 ||     1

Table legend: (Time is in decaauts)
 A = Elapsed time spent in this place.
 B = Non-inter-level travel time spent in this place.
 C = Inter-level travel time spent in this place.
 D = Time resting spent in this place.
 E = Time spent auto-exploring this place.
 F = Levels seen in this place.
 G = Mean time per level.
                   A        B        C        D        E       F      G
               +--------+--------+--------+--------+--------+-----+--------+
         Total |   7852 |   7500 |    352 |   1091 |   5385 |   9 |  872.4 |
       Dungeon |   7077 |   6725 |    352 |   1091 |   4816 |   7 | 1011.0 |
         Sewer |    603 |    603 |      0 |      0 |    454 |   1 |  603.0 |
        Bailey |    171 |    171 |      0 |      0 |    115 |   1 |  171.0 |
               +--------+--------+--------+--------+--------+-----+--------+

Top non-repeatable levels by time:
     D:4: 1867 daAuts
     D:5: 1164 daAuts
     D:1: 1137 daAuts
     D:3: 1076 daAuts
     D:6: 899 daAuts
     D:2: 837 daAuts
   Sewer: 603 daAuts
  Bailey: 171 daAuts
     D:7: 95 daAuts
